 Dungeon Sprint DCSS version 0.27.1-1-g398f81649c (webtiles) character file.

Game seed: 721309007083387540

1172 ugugthedestroyer the Carver (level 8, -1/79 HPs)
             Began as a Hill Orc Fighter on Sept 7, 2021.
             Was a Believer of Beogh.
             Slain by a boulder beetle (17 damage)
             ... in the Dungeon (Sprint IX: "|||||||||||||||||||||||||||||").
             The game lasted 00:02:04 (587 turns).

ugugthedestroyer the Carver (Hill Orc Fighter)       Turns: 587, Time: 00:02:05

Health: -1/79      AC: 15    Str: 24    XL:     8   Next: 41%
Magic:  8/8        EV:  8    Int: 11    God:    Beogh [**....]
Gold:   0          SH: 12    Dex: 10    Spells: 7/7 levels left

rFire    . . .     SeeInvis .   k - +2 scimitar (flame)
rCold    . . .     Faith    .   c - +0 kite shield
rNeg     . . .     Spirit   .   n - +1 chain mail
rPois    .         Reflect  .   (no helmet)
rElec    .         Harm     .   (no cloak)
rCorr    .         Rampage  .   l - +0 pair of gloves
Will     .....     NoTele   +   m - +0 pair of boots
Stlth    ..........             (no amulet)
HPRegen  0.23/turn              o - +3 ring of intelligence
MPRegen  0.11/turn              p - +3 ring of strength

@: no status effects
A: no striking features
a: Renounce Religion, Smiting


You were in the Dungeon.
You worshipped Beogh.
Beogh was pleased with you.
You visited 1 branch

Inventory:

Hand Weapons
 a - a +0 long sword
 k - a +2 scimitar of flaming (weapon)
Armour
 b - a +0 scale mail
 c - a +0 kite shield (worn)
 l - a +0 pair of gloves (worn)
 m - a +0 pair of boots (worn)
 n - a +1 chain mail (worn)
Jewellery
 o - a +3 ring of intelligence (left hand)
 p - a +3 ring of strength (right hand)
Wands
 i - a wand of acid (10)
Scrolls
 g - 2 scrolls of amnesia
 j - 2 scrolls of blinking
Potions
 f - 2 potions of curing
 h - 4 potions of magic


   Skills:
 + Level 10.1 Fighting
 + Level 10.7 Long Blades
 + Level 9.3 Armour
 + Level 4.5 Dodging
 + Level 2.0 Stealth
 + Level 9.8 Shields


You had 7 spell levels left.
You didn't know any spells.
Your spell library was empty.

Dungeon Overview and Level Annotations

Branches:
Dungeon (1/1)

Altars:
Cheibriados
Dithmenos
Elyvilon
Fedhas
Gozag
Hepliaklqana
Kikubaaqudgha
Makhleb
Nemelex Xobeh
Okawaru
Qazlal
Ru
Sif Muna
Trog
Uskayaw
Vehumet
Wu Jian
Xom
Yredelemnul
Zin
The Shining One
Beogh
Jiyva
Lugonu


Message History

The five-headed hydra is severely wounded.
The boulder beetle leaps!
You block the five-headed hydra's attack.
The five-headed hydra bites you but does no damage.
You block the five-headed hydra's attack.
The five-headed hydra bites you but does no damage.
You block the five-headed hydra's attack.
Unknown command.
You slice one of the five-headed hydra's heads off!
The flame cauterises the wound!
You hit the four-headed hydra. You burn the four-headed hydra.
The four-headed hydra is almost dead.
You block the boulder beetle's attack.
Unknown command.
Unknown command.
You barely miss the four-headed hydra.
The four-headed hydra is almost dead.
You block the four-headed hydra's attack.
The four-headed hydra misses you.
You block the four-headed hydra's attack.
The four-headed hydra bites you but does no damage.
The boulder beetle bites you but does no damage.
The slime creature jiggles.
You chop one of the four-headed hydra's heads off!
The flame cauterises the wound!
You hit the three-headed hydra. You burn the three-headed hydra.
The three-headed hydra is almost dead.
You block the three-headed hydra's attack.
The three-headed hydra bites you but does no damage. x2
The boulder beetle bites you!!
You hack one of the three-headed hydra's heads off!
The flame cauterises the wound!
You slash the two-headed hydra! You burn the two-headed hydra.
You kill the two-headed hydra!
Beogh accepts your kill.
The centaur warrior wields a +0 shortbow.
The centaur warrior shoots an arrow.
The arrow hits you!
* * * LOW HITPOINT WARNING * * *
The boulder beetle bites you!
You die... ▓▓▓▓▓▓▓▓▓▓▓▓▓▓▓▓▓▓▓▓▓▓▓▓ +.JDcc.@B....)'......).. ▓▓▓▓▓▓▓▓▓▓▓▓▓▓▓▓▓▓▓▓▓▓▓▓

You could see a boulder beetle, a slime creature, a centaur warrior, an acid dragon and a centaur.

Vanquished Creatures
  A hydra (D)
  A two-headed ogre (D)
  A hornet (D)
  A yak (D)
  A black bear (D)
  2 centaurs (D)
  A howler monkey (D)
  2 hounds (D)
  An orc wizard (D)
  A gnoll (D)
  2 hobgoblins (D)
  A ball python zombie (D)
  A frilled lizard (D)
  A kobold (D)
17 creatures vanquished.

Notes
Turn   | Place    | Note
-------+----------+-------------------------------------------
     0 | D        | ugugthedestroyer the Hill Orc Fighter began the quest for
                  | the Orb.
     0 | D        | Reached XP level 1. HP: 19/19 MP: 1/1
    16 | D        | Reached XP level 2. HP: 27/28 MP: 2/2
    39 | D        | Noticed a black bear
    39 | D        | Noticed a centaur
    48 | D        | Killed a centaur
    49 | D        | Reached skill level 5 in Armour
    49 | D        | Reached skill level 1 in Dodging
    49 | D        | Reached skill level 5 in Shields
    49 | D        | Reached XP level 3. HP: 20/37 MP: 3/3
    49 | D        | Reached XP level 4. HP: 24/44 MP: 4/4
    67 | D        | Reached skill level 5 in Long Blades
    67 | D        | Reached XP level 5. HP: 48/51 MP: 5/5
    79 | D        | Killed a black bear
    80 | D        | Reached XP level 6. HP: 17/61 MP: 6/6
    86 | D        | Found a roughly hewn altar of Beogh.
    86 | D        | Found a snail-covered altar of Cheibriados.
    86 | D        | Found a shadowy altar of Dithmenos.
    86 | D        | Found a white marble altar of Elyvilon.
    86 | D        | Found a blossoming altar of Fedhas.
    86 | D        | Found an opulent altar of Gozag.
    87 | D        | Found a hazy altar of Hepliaklqana.
    88 | D        | Found a viscous altar of Jiyva.
    89 | D        | Found an ancient bone altar of Kikubaaqudgha.
    91 | D        | Became a worshipper of Beogh the Brigand
    93 | D        | Found a corrupted altar of Lugonu.
    94 | D        | Found a burning altar of Makhleb.
    95 | D        | Found a sparkling altar of Nemelex Xobeh.
    96 | D        | Found an iron altar of Okawaru.
    97 | D        | Found a stormy altar of Qazlal.
    98 | D        | Found a sacrificial altar of Ru.
    99 | D        | Found a shimmering blue altar of Sif Muna.
   100 | D        | Found a bloodstained altar of Trog.
   101 | D        | Found a hide-covered altar of Uskayaw.
   102 | D        | Found a radiant altar of Vehumet.
   103 | D        | Found an ornate altar of the Wu Jian Council.
   104 | D        | Found a shimmering altar of Xom.
   105 | D        | Found a basalt altar of Yredelemnul.
   106 | D        | Found a glowing silver altar of Zin.
   107 | D        | Found a glowing golden altar of the Shining One.
   291 | D        | Noticed a hornet
   291 | D        | Noticed a two-headed ogre
   291 | D        | Noticed a yak
   299 | D        | Killed a yak
   311 | D        | Killed a two-headed ogre
   312 | D        | Reached skill level 10 in Long Blades
   312 | D        | Reached XP level 7. HP: 23/71 MP: 7/7
   312 | D        | Reached XP level 8. HP: 26/79 MP: 8/8
   317 | D        | Reached * piety under Beogh
   318 | D        | Reached skill level 1 in Stealth
   325 | D        | Paralysed by a hornet for 3 turns
   332 | D        | Paralysed by a hornet for 1 turns
   333 | D        | Killed a hornet
   334 | D        | Reached skill level 10 in Fighting
   336 | D        | Reached ** piety under Beogh
   579 | D        | Noticed a slime creature
   579 | D        | Noticed a boulder beetle
   579 | D        | Noticed a centaur warrior
   579 | D        | Noticed an eight-headed hydra
   587 | D        | Killed a two-headed hydra
   587 | D        | Slain by a boulder beetle

Illustrated notes

Levels and vault maps discovered:
D:        linesprint [early_d, line_temple, items_1, d_10, items_2, lair_1,
          lair_end, items_3, orc_1, orc_end, items_4, d_15, swamp_1, shoals_1,
          snake_1, spider_1, d_20, vaults_1, items_5, swamp_end, shoals_end,
          snake_end, spider_end, vaults_end, d_27, items_6, zot_1, zot_end,
          crypt_end, forest_end, elf_end, slime_end, tomb_end, abyss_end,
          pan_hell_end]

Skill      XL: |  1  2  3  4  5  6  7  8 |
---------------+-------------------------+-----
Fighting       | 4 6 7 9 10 | 10.1
Armour         | 4 5 6 8 9 |  9.3
Shields        | 4 5 6 7 9 |  9.8
Long Blades    | 4 5 7 10 | 10.7
Dodging        | 1 2 4 |  4.5
Stealth        | 2 |  2.0

Action                   |  1- 3 |  4- 6 |  7- 9 || total
-------------------------+-------+-------+-------++-------
Melee: Long sword        |    35 |    29 |       ||    64
       Scimitar          |       |    17 |    27 ||    44
  Use: Potion            |     3 |     4 |     3 ||    10
 Stab: Invisible         |       |     1 |     3 ||     4
Armor: Scale mail        |    27 |    11 |       ||    38
       Chain mail        |       |     5 |    24 ||    29
Dodge: Dodged            |    12 |     7 |     9 ||    28
Block: Kite shield       |    15 |    21 |    30 ||    66
       Rpst.: Scimitar   |       |       |     2 ||     2
